[Event "*** Titled Tuesday 3|2 Blitz (Early)"]
[Site "Chess.com"]
[Date "2016.12.06"]
[Round "2"]
[White "SmoothAsAHedgehog"]
[Black "Fandorine"]
[Result "0-1"]
[WhiteElo "2499"]
[BlackElo "2624"]
[TimeControl "180+2"]
[EndTime "11:20:29 PST"]
[Termination "Fandorine won by resignation"]

1. Nf3 Nf6 2. c4 b6 3. g3 Bb7 4. Bg2 e6 5. O-O Be7 6. b3 O-O 7. Bb2 c5 8. e3 d5 9. Qe2 Nc6 10. Nc3 d4 11. exd4 cxd4 12. Nb5 d3 13. Qd1 a6 14.
Nc3 Nb4 15. Ne5 Bxg2 16. Kxg2 Qc7 17. f4 Rfd8 18. Qf3 Nc2 19. Rad1 Nd4 20. Qf2 Qb7+ 21.
Kg1 Bc5 22. Qg2 Nxb3+ 23. Kh1 Qxg2+ 24. Kxg2 Na5 25. Na4 Rac8 26. Rc1 Ne4 27. Bc3 Nxc3 28. Rxc3 Bd4 29. Rxd3 Bxe5 30. Rxd8+ Rxd8 31. fxe5 Rxd2+ 32.
Kh3 Nxc4 33. Nc3 Nxe5 34. Rb1 f5 35. Re1 Nf3 36. Re2 Ng1+ 0-1

[Event "*** Titled Tuesday 3|2 Blitz (Early)"]
[Site "Chess.com"]
[Date "2016.12.06"]
[Round "2"]
[White "VitaliyBernadskiy"]
[Black "fireheart92"]
[Result "1-0"]
[WhiteElo "2572"]
[BlackElo "2568"]
[TimeControl "180+2"]
[EndTime "11:20:30 PST"]
[Termination "VitaliyBernadskiy won on time"]

1. d4 Nf6 2. c4 c5 3. d5 e5 4. Nc3 d6 5. e4 g6 6. Be2 Bg7 7. Be3 a6 8. a4 Nbd7 9. Qd2 b6 10. h3 Qe7 11. g4 h5 12. g5 Nh7 13. Nf3 O-O 14.
Rg1 Qe8 15. Kd1 Nb8 16. Rg3 Kh8 17. Kc2 a5 18. Nb5 Qe7 19. Nh4 Na6 20. Kb3 Bd7 21.
Rag1 Rac8 22. Qd1 Nc7 23. Bxh5 Nxb5 24. Bxg6 Qe8 25. Bxh7 Nd4+ 26. Kc3 Kxh7 27. Qh5+ Kg8 28. g6 fxg6 29. Rxg6 Rf7 30. Bh6 Bg4 31. Qxg4 Ne2+ 32.
Qxe2 Rcc7 33. Rxg7+ Rxg7 34. Rxg7+ Rxg7 35. Bxg7 Kxg7 36. Nf5+ Kf6 37. Qg4 Qh8 38. Qh4+ 1-0

[Event "*** Titled Tuesday 3|2 Blitz (Early)"]
[Site "Chess.com"]
[Date "2016.12.06"]
[Round "2"]
[White "pastouche06"]
[Black "kikydu96"]
[Result "1-0"]
[WhiteElo "2311"]
[BlackElo "2327"]
[TimeControl "180+2"]
[EndTime "11:20:31 PST"]
[Termination "pastouche06 won by resignation"]

1. d4 d5 2. c4 c6 3. Nf3 Nf6 4. e3 Bf5 5. Nc3 a6 6. Be2 h6 7. Bd3 Bxd3 8. Qxd3 e6 9. O-O Bd6 10.
Bd2 Nbd7 11. e4 dxe4 12. Nxe4 Nxe4 13. Qxe4 O-O 14. Rad1 Qf6 15. Bc3 Qf5 16. Qe2 Rfe8 17. Rfe1 Rad8 18. g3 b5 19. Ne5 Nxe5 20. dxe5 Bc5 21.
b4 Bb6 22. c5 Bc7 23. Rd6 Bxd6 24. exd6 e5 25. f3 f6 26. Kg2 Kf7 27. a4 Qe6 28.
Qe4 Rc8 29. axb5 axb5 30. Ra1 Qb3 31. Ra7+ Kg8 32. Qg6 1-0

[Event "*** Titled Tuesday 3|2 Blitz (Early)"]
[Site "Chess.com"]
[Date "2016.12.06"]
[Round "2"]
[White "Tash_Boy"]
[Black "Zaven_ChessMood"]
[Result "0-1"]
[WhiteElo "2477"]
[BlackElo "2838"]
[TimeControl "180+2"]
[EndTime "11:20:35 PST"]
[Termination "Zaven_ChessMood won by resignation"]

1. e4 c5 2. Nf3 d6 3. d4 cxd4 4.
Nxd4 Nf6 5. Nc3 a6 6. Bg5 Nbd7 7. Qe2 e6 8. O-O-O Qc7 9. h4 b5 10. a3 Bb7 11. Rh3 Be7 12. g4 Rc8 13. f4 Nc5 14.
Bg2 h6 15. Bxf6 Bxf6 16. g5 hxg5 17. hxg5 Rxh3 18. Bxh3 Bxd4 19. Rxd4 Qb6 20. Qd1 Ke7 21. g6 Rh8 22. Bg2 f6 23. Kb1 a5 24. b4 axb4 25. axb4 Na4 26. Nxa4 bxa4 27. c3 Rh2 28. Qg1 Rh6 29. Bf3 a3 30. Ka2 Rh8 31. Qf2 Rh3 32.
Bg2 Rxc3 33. e5 Bxg2 34. exf6+ gxf6 35. g7 Bd5+ 36. Kb1 a2+ 37. Kb2 Rb3+ 38. Kxa2 Rxb4+ 0-1

[Event "*** Titled Tuesday 3|2 Blitz (Early)"]
[Site "Chess.com"]
[Date "2016.12.06"]
[Round "2"]
[White "ulises2013"]
[Black "Pierrebl"]
[Result "1-0"]
[WhiteElo "2275"]
[BlackElo "2468"]
[TimeControl "180+2"]
[EndTime "11:20:35 PST"]
[Termination "ulises2013 won on time"]

1. e4 c5 2. Nf3 Nc6 3. d4 cxd4 4.
Nxd4 Nf6 5. Nc3 e5 6. Ndb5 d6 7. Nd5 Nxd5 8. exd5 Nb8 9. Qf3 Nd7 10. Qc3 Nc5 11. b4 Na6 12. Be3 Be7 13. Nxa7 O-O 14.
Bxa6 bxa6 15. Nc6 Qd7 16. O-O Bb7 17. Nxe7+ Qxe7 18. Qd3 f5 19. f4 g5 20. g3 gxf4 21.
gxf4 Kh8 22. Kh1 Rac8 23. c4 Qf7 24. Rad1 Rg8 25. fxe5 dxe5 26. Rxf5 Qg6 27. Rg1 Qd6 28. Bc5 Rxg1+ 29. Kxg1 Qg6+ 30. Kf1 Rg8 31. Qe4 Re8 32. Qf3 Rg8 33. Rxe5 Bc8 34. Bd4 1-0

[Event "*** Titled Tuesday 3|2 Blitz (Early)"]
[Site "Chess.com"]
[Date "2016.12.06"]
[Round "2"]
[White "Zhani-Z"]
[Black "poummba"]
[Result "1-0"]
[WhiteElo "2279"]
[BlackElo "2399"]
[TimeControl "180+2"]
[EndTime "11:20:37 PST"]
[Termination "Zhani-Z won by resignation"]

1. d4 g6 2. e4 d6 3. Nc3 Bg7 4.
Bc4 Nf6 5. Qe2 O-O 6. e5 dxe5 7. dxe5 Nfd7 8. e6 fxe6 9. Bxe6+ Kh8 10. Nf3 Nc6 11. O-O Nde5 12. Nxe5 Nxe5 13. Bxc8 Qxc8 14. Be3 Qe6 15. Bd4 Rad8 16. Rad1 Qf5 17. Kh1 e6 18. Ne4 Ng4 19. Bxg7+ Kxg7 20. f3 Nf6 21. Ng3 Qc5 22.
c3 Qb6 23. Qe5 Kf7 24. b3 Rd5 25. Qf4 Kg7 26. c4 Rxd1 27. Rxd1 Qc6 28. Qe5 Rf7 29. Ne4 h6 30. h4 b6 31. Rd8 a5 32. g4 Qb7 33. g5 hxg5 34. hxg5 Kh7 1-0

[Event "*** Titled Tuesday 3|2 Blitz (Early)"]
[Site "Chess.com"]
[Date "2016.12.06"]
[Round "2"]
[White "lionheart95"]
[Black "josiwales"]
[Result "0-1"]
[WhiteElo "2378"]
[BlackElo "2236"]
[TimeControl "180+2"]
[EndTime "11:20:42 PST"]
[Termination "josiwales won by resignation"]

1. e4 c5 2. Nf3 Nc6 3. d4 cxd4 4.
Nxd4 g6 5. Nc3 Bg7 6. Be3 Nf6 7. Bc4 O-O 8. Bb3 d6 9. f3 Bd7 10. Qd2 Rc8 11. h4 h5 12. O-O-O Ne5 13. Bg5 Rc5 14.
Kb1 b5 15. g4 Nc4 16. Bxc4 bxc4 17. gxh5 Nxh5 18. Nd5 Re8 19. Bh6 e6 20. Bxg7 Kxg7 21. Ne3 c3 22. bxc3 Qb6+ 23. Nb3 Ba4 24. Qxd6 Qxd6 25.
Rxd6 Rxc3 26. Re1 Rec8 27. Kb2 Nf4 28. Rd2 Bb5 29. Nc1 a5 30. a3 a4 31. Na2 R3c7 32. Nb4 Rc3 33. Rd6 Be2 34. Ng4 Bxf3 35. Ne5 Kf6 36. Nbc6 Rc5 37. Rf1 Rxe5 38. Nxe5 Kxe5 39. Ra6 Bxe4 40. Ra5+ Nd5 41. Rxa4 Rxc2+ 42. Kb3 Rc3+ 43. Kb2 f5 44. Rd1 Rc2+ 45. Kb3 Rh2 46. Rc4 Rh3+ 47. Kb2 Rxh4 48. a4 Rh2+ 49. Kb3 Nb6 50. Rc5+ Bd5+ 51. Kb4 Rh4+ 52. Kb5 Nxa4 53. Rc2 Kf6 0-1

[Event "*** Titled Tuesday 3|2 Blitz (Early)"]
[Site "Chess.com"]
[Date "2016.12.06"]
[Round "2"]
[White "Astaneh"]
[Black "AmazingAtlas"]
[Result "1-0"]
[WhiteElo "2476"]
[BlackElo "2300"]
[TimeControl "180+2"]
[EndTime "11:20:47 PST"]
[Termination "Astaneh won by resignation"]

1. e4 c5 2. Nf3 Nc6 3. b3 b6 4.
Bb2 Bb7 5. g3 e6 6. Bg2 d6 7.
O-O Nf6 8. d4 cxd4 9. Nxd4 Rc8 10. c4 Be7 11. Nc3 a6 12. Qd2 O-O 13. Rad1 Qc7 14.
Rc1 Qb8 15. h3 Rfd8 16. Kh2 Bf8 17. f4 g6 18. Nxc6 Bxc6 19. Nd5 Nd7 20. Qd4 e5 21.
fxe5 dxe5 22. Qf2 Bxd5 23. cxd5 f6 24. Rc6 Bg7 25. Rfc1 Nc5 26. Rxc8 Rxc8 27. Qc2 Rc7 28. Bf1 b5 29. d6 Rc6 30. b4 Bh6 31. Rd1 Na4 32.
Qxc6 Nxb2 33. d7 Nxd1 34. Qc8+ 1-0

[Event "*** Titled Tuesday 3|2 Blitz (Early)"]
[Site "Chess.com"]
[Date "2016.12.06"]
[Round "2"]
[White "olgerts_indricans"]
[Black "ZEN-22"]
[Result "1-0"]
[WhiteElo "2341"]
[BlackElo "2213"]
[TimeControl "180+2"]
[EndTime "11:20:55 PST"]
[Termination "olgerts_indricans won by checkmate"]

1. e4 c5 2. Nf3 e6 3. d4 cxd4 4.
Nxd4 Nf6 5. Nc3 Bb4 6. e5 Nd5 7. Nb5 O-O 8. Bd2 a6 9. Nxd5 Bxd2+ 10. Qxd2 axb5 11. Nc3 b4 12. Ne4 Qa5 13. f4 Nc6 14. Bd3 f5 15. Nd6 Nxe5 16. Nxc8 Nxd3+ 17. Qxd3 Raxc8 18. Qxd7 Qb6 19. O-O-O b3 20. axb3 Qe3+ 21. Kb1 Qxf4 22. Qxe6+ Kh8 23. g3 Qf2 24. Rc1 f4 25. gxf4 Qxf4 26.
h4 h6 27. h5 Rc6 28. Qe7 Ra8 29. Rhf1 Qg4 30. Rf8+ Rxf8 31. Qxf8+ Kh7 32. Qf7 Rf6 33.
Qxb7 Qxh5 34. Rg1 Rf7 35. Qe4+ g6 36. b4 Rg7 37. Qd3 Qh2 38. Re1 Qh4 39. Rf1 Qxb4 40.
c3 Qb6 41. Rh1 Rb7 42. Qd2 Qc6 43. Qxh6+ Kg8 44. Qh8+ Kf7 45. Rf1+ Ke6 46. Rf6+ Kd5 47. Rxc6 Kxc6 48. Qf6+ Kb5 49. Qxg6 Ka4 50. Qa6+ Kb3 51. Qa2# 1-0

[Event "*** Titled Tuesday 3|2 Blitz (Early)"]
[Site "Chess.com"]
[Date "2016.12.06"]
[Round "2"]
[White "GrigorGrigorov"]
[Black "RaphaeI"]
[Result "1-0"]
[WhiteElo "2451"]
[BlackElo "2248"]
[TimeControl "180+2"]
[EndTime "11:21:00 PST"]
[Termination "GrigorGrigorov won by resignation"]

1. d4 Nf6 2. c4 g6 3. g3 Bg7 4. Bg2 O-O 5. Nf3 d6 6. O-O Nbd7 7. Nc3 e5 8. e4 c6 9. Rb1 a6 10. Qc2 b5 11. a3 Bb7 12. h3 Re8 13. dxe5 Nxe5 14. Nxe5 dxe5 15. Be3 Nd7 16. Rfd1 Qe7 17.
b4 Nf8 18. Bb6 Ne6 19. Ne2 Rec8 20. c5 Re8 21. Rd6 h5 22. Rbd1 Nd4 23. Nxd4 exd4 24. f4 h4 25. e5 hxg3 26. R1xd4 Qh4 27. Qb3 Bc8 28. Rxg6 Bxh3 29. Qxg3 Qxg3 30. Rxg3 Bxg2 31. Kxg2 Kf8 32. Rd6 Re6 33. Kf3 Rae8 34. Rg2 Bh6 35. Ke4 f6 36. Kf5 Kf7 37. Rg6 Bg7 38. Rxe6 Rxe6 39. Rxg7+ 1-0

[Event "*** Titled Tuesday 3|2 Blitz (Early)"]
[Site "Chess.com"]
[Date "2016.12.06"]
[Round "2"]
[White "YuriyKrykun"]
[Black "MyleneFarmer"]
[Result "0-1"]
[WhiteElo "2302"]
[BlackElo "2380"]
[TimeControl "180+2"]
[EndTime "11:21:01 PST"]
[Termination "MyleneFarmer won by resignation"]

1. e4 c5 2. Nf3 d6 3. Bb5+ Nc6 4.
O-O Bd7 5. Re1 Nf6 6. c3 a6 7. Bxc6 Bxc6 8. d4 Bxe4 9. c4 Bc6 10. d5 Bd7 11. Nc3 Qc7 12. Bg5 O-O-O 13. Qd3 h6 14. Bxf6 gxf6 15. a3 e5 16. b4 f5 17. Nd2 e4 18.
Qc2 Bg7 19. Rab1 Rdg8 20. bxc5 dxc5 21. Na4 Bd4 22. Nb6+ Kd8 23. Nb3 Qxb6 24. Nxd4 Qg6 25. g3 cxd4 26. Rxb7 h5 27. Qd2 h4 28. Qa5+ Ke7 29. d6+ Qxd6 30. Qxf5 Kd8 31. Qa5+ Kc8 32. Reb1 hxg3 33. Rb8+ Qxb8 34. Rxb8+ Kxb8 35. Qb6+ Kc8 36. Qxa6+ Kd8 37. Qf6+ Ke8 38. Qe5+ Be6 39. hxg3 e3 40. Qxd4 exf2+ 41. Kxf2 Rh2+ 42. Kg1 Rh3 43. c5 Rhxg3+ 44. Kf2 Rg2+ 45. Kf1 Rg1+ 46. Kf2 R8g2+ 47. Kf3 Bg4+ 48. Kf4 Rf1+ 49. Ke5 Re2+ 50. Kd6 Rd1 51. Qxd1 Re6+ 52. Kc7 Bxd1 53. c6 Ba4 0-1

[Event "*** Titled Tuesday 3|2 Blitz (Early)"]
[Site "Chess.com"]
[Date "2016.12.06"]
[Round "2"]
[White "Aygehovit1992"]
[Black "Dlugy"]
[Result "0-1"]
[WhiteElo "2449"]
[BlackElo "2611"]
[TimeControl "180+2"]
[EndTime "11:21:12 PST"]
[Termination "Dlugy won on time"]

1. e4 d5 2. exd5 Qxd5 3. Nc3 Qd6 4. Nf3 c6 5. d4 Bg4 6. h3 Bxf3 7.
Qxf3 Qxd4 8. Be3 Qd8 9. Rd1 Nd7 10. Bc4 Ngf6 11. O-O e6 12. Rd2 Bb4 13. Rfd1 Qe7 14. Bg5 Ne5 15. Qf4 Bxc3 16. bxc3 Nxc4 17. Qxc4 O-O 18.
Bxf6 Qxf6 19. Rd7 Rab8 20. Qb4 h6 21. Rxb7 Rxb7 22. Qxb7 Qxc3 23. Qxa7 Qxc2 24. Rd7 c5 25. Rc7 Qc1+ 26. Kh2 Qf4+ 27. Kg1 Rd8 28. Rd7 Rxd7 29. Qxd7 c4 30. a4 Qc1+ 31. Kh2 c3 32. Qe8+ Kh7 33. Qxf7 c2 34. Qf3 Qg5 35. Qe4+ Qf5 36. Qc4 Qxf2 37.
a5 Qd2 38. Qe4+ g6 39. Qb7+ Kg8 40. Qb8+ Kf7 41. Qb7+ Kf6 42. Qb2+ e5 43. Qb6+ Kg5 44. h4+ Kh5 45. Kh3 Qd3+ 46. g3 Qf5+ 47. Kh2 c1=Q 0-1

[Event "*** Titled Tuesday 3|2 Blitz (Early)"]
[Site "Chess.com"]
[Date "2016.12.06"]
[Round "2"]
[White "Kouzari"]
[Black "Salem-AR"]
[Result "1-0"]
[WhiteElo "2482"]
[BlackElo "2679"]
[TimeControl "180+2"]
[EndTime "11:21:18 PST"]
[Termination "Kouzari won by resignation"]

1. d4 Nf6 2. c4 g6 3. Nc3 Bg7 4.
e4 d6 5. f3 O-O 6. Be3 c5 7. dxc5 dxc5 8. Qxd8 Rxd8 9. Bxc5 Nc6 10.
Nge2 Nd7 11. Be3 Nde5 12. Nf4 Nb4 13. Rc1 Bh6 14. Ncd5 Nbc6 15. Rd1 Kg7 16. Be2 b6 17. Kf2 Bb7 18. b3 e6 19. Nc7 Rxd1 20. Rxd1 Rb8 21.
g4 Kg8 22. h4 Bf8 23. Nb5 Nb4 24. Rd2 Bc6 25. Nxa7 Be8 26. a3 Na6 27. Nb5 Bxb5 28. cxb5 Nc5 29. b4 Na4 30. Rc2 Rd8 31. g5 Be7 32. Rc7 Bd6 33. Ra7 Nc3 34. Bxb6 Rc8 35.
Bd4 Nxe2 36. Kxe2 Nc4 37. Nd3 Rb8 38. a4 Kf8 39. Bc5 Ke8 40. Bxd6 Nxd6 41. Nc5 Nc4 42.
Kd3 Ne5+ 43. Kc3 Nxf3 44. Rb7 Ra8 45. a5 Nxh4 46. a6 Nf3 47. a7 1-0

[Event "*** Titled Tuesday 3|2 Blitz (Early)"]
[Site "Chess.com"]
[Date "2016.12.06"]
[Round "2"]
[White "roldieyi"]
[Black "Abdodi"]
[Result "1-0"]
[WhiteElo "2140"]
[BlackElo "2003"]
[TimeControl "180+2"]
[EndTime "11:21:19 PST"]
[Termination "roldieyi won by resignation"]

1. d4 Nf6 2. Nf3 g6 3. g3 Bg7 4.
Bg2 O-O 5. O-O d5 6. a4 c6 7. c3 Nbd7 8. a5 Re8 9. Ne5 c5 10. f4 b6 11. a6 Ne4 12. c4 Nxe5 13. dxe5 e6 14. Nc3 Nxc3 15. bxc3 Rb8 16. Qb3 dxc4 17. Qxc4 Qc7 18. Be3 Bd7 19. Rfd1 Bc6 20. Bxc6 Qxc6 21. Rd6 Qc7 22. Rad1 Rbd8 23. Qd3 Rxd6 24. Qxd6 Qxd6 25. Rxd6 Bf8 26. Rd7 Re7 27. Rd8 Kg7 28. c4 Rc7 29.
Rb8 Be7 30. Rb7 Bd8 31. Rb8 Be7 32. Kf2 h5 33. h4 f6 34. Kf3 f5 35. Bf2 Kf7 36. e4 Kg7 37. exf5 exf5 38. Be1 Kf7 39. Bc3 Ke6 40. Ke3 b5 41. Rxb5 Rc6 42. Ra5 Bd8 43.
Ra4 Bb6 44. Kd2 Rc7 45. Kc2 Rd7 46. Ra1 Rd8 47. Rd1 Rxd1 48. Kxd1 Bc7 49. Kc2 Bb6 50. Kb3 Kd7 51. Ka4 Ke6 52. Kb5 Kd7 53. Bb2 Ke6 54.
Ba3 Kd7 55. Bxc5 1-0

[Event "*** Titled Tuesday 3|2 Blitz (Early)"]
[Site "Chess.com"]
[Date "2016.12.06"]
[Round "2"]
[White "dretch"]
[Black "Divertissement"]
[Result "1-0"]
[WhiteElo "2622"]
[BlackElo "2449"]
[TimeControl "180+2"]
[EndTime "11:21:20 PST"]
[Termination "dretch won by resignation"]

1. d4 Nf6 2. c4 g6 3. Nc3 d5 4.
Bf4 Bg7 5. e3 O-O 6. Rc1 c6 7.
Nf3 Bg4 8. Bd3 e6 9. h3 Bxf3 10.
Qxf3 Nbd7 11. O-O Nh5 12. Bh2 f5 13. b4 Nhf6 14. b5 Ne4 15. Rfd1 Qa5 16. Ne2 g5 17. bxc6 bxc6 18. cxd5 cxd5 19. Rc7 Rf7 20. Bxe4 dxe4 21. Qh5 f4 22. Bxf4 Qb5 23. Nc3 Qa5 24. Qxg5 Qxg5 25.
Bxg5 Nb6 26. Rxf7 Kxf7 27. Nxe4 Nd5 28. Rb1 Kg6 29. Bh4 Rc8 30. Nc5 e5 31. Rd1 Nc3 32. Rd2 exd4 33. exd4 Bxd4 34. Nb3 Be5 35. Kf1 Ne4 36.
Re2 Kf5 37. g4+ Kf4 38. Kg2 Bc3 39. Bg3+ Nxg3 40. fxg3+ Kg5 41. Rc2 Rc7 42. Nc1 Kg6 43. Ne2 Be5 44. Rxc7 Bxc7 45. Kf3 Kf6 46. Ke4 Ke6 47.
Nf4+ Kd6 48. g5 Kc5 49. Ne6+ 1-0

[Event "*** Titled Tuesday 3|2 Blitz (Early)"]
[Site "Chess.com"]
[Date "2016.12.06"]
[Round "2"]
[White "Evgeny_Levin"]
[Black "Keaton87"]
[Result "1-0"]
[WhiteElo "2726"]
[BlackElo "2471"]
[TimeControl "180+2"]
[EndTime "11:21:22 PST"]
[Termination "Evgeny_Levin won by resignation"]

1. d4 d5 2. c4 e6 3. Nc3 Be7 4.
Nf3 Nf6 5. Bg5 h6 6. Bh4 O-O 7. e3 Ne4 8. Bxe7 Qxe7 9. Rc1 c6 10.
h4 Nd7 11. g4 e5 12. cxd5 Nxc3 13. Rxc3 cxd5 14. g5 h5 15. Bb5 exd4 16. Qxd4 Rd8 17. g6 fxg6 18. Qxd5+ Qf7 19. Qxf7+ Kxf7 20. Rg1 Nf8 21.
Ng5+ Ke7 22. Rc7+ Bd7 23. Rxb7 Rab8 24. Rxb8 Rxb8 25. Bxd7 Nxd7 26. b3 a5 27. Nf3 Kf6 28. Rg5 a4 29. bxa4 Rb4 30. a5 Ra4 31. Rd5 Nf8 32.
Nd4 Rxa2 33. e4 Ke7 34. Nc6+ Kf6 35. f4 Ra4 36. Rd4 Ra2 37. Rd6+ Kf7 38. a6 Ne6 39. a7 Ra4 40. Kd1 Ra2 41. Kc1 Ra4 42. Kb2 Nxf4 43. Rd8 g5 44. hxg5 h4 45. a8=Q Rxa8 46. Rxa8 h3 47. Ne5+ Ke6 48. Ng4 1-0

[Event "*** Titled Tuesday 3|2 Blitz (Early)"]
[Site "Chess.com"]
[Date "2016.12.06"]
[Round "2"]
[White "Morshynska"]
[Black "AungTZ"]
[Result "1/2-1/2"]
[WhiteElo "2141"]
[BlackElo "2109"]
[TimeControl "180+2"]
[EndTime "11:21:31 PST"]
[Termination "Game drawn by repetition"]

1. Nf3 d5 2. g3 Nf6 3. Bg2 e6 4.
d4 Be7 5. c4 c5 6. dxc5 Bxc5 7.
Nc3 dxc4 8. Qa4+ Nbd7 9. Qxc4 O-O 10. O-O a6 11. Bf4 b5 12. Qd3 Bb7 13. Rad1 Qb6 14. Ne5 Nxe5 15. Bxe5 Bxg2 16. Kxg2 Ng4 17. Bd4 e5 18.
Nd5 Qc6 19. Bxc5 Qxc5 20. Qf5 Nh6 21. Qxe5 Qc6 22. Kg1 Kh8 23. Rd2 Rae8 24. Qc3 Qg6 25. Rfd1 Ng4 26. Qf3 Ne5 27. Qf4 Nc4 28. Rd4 Rxe2 29.
b3 Ne5 30. Ne3 Qf6 31. Qxf6 gxf6 32. Rd8 Rxd8 33. Rxd8+ Kg7 34. a4 Rb2 35. axb5 axb5 36. Nf5+ Kg6 37. Nd6 Rxb3 38. Rb8 b4 39. Ne4 Rb1+ 40.
Kg2 Nd3 41. h4 h5 42. Kf3 Ne5+ 43. Ke3 Re1+ 44. Kf4 Nd3+ 45. Kf3 Ne5+ 46. Kf4 Nd3+ 47. Kf3 Ne5+ 48. Kf4 1/2-1/2

[Event "*** Titled Tuesday 3|2 Blitz (Early)"]
[Site "Chess.com"]
[Date "2016.12.06"]
[Round "2"]
[White "tango_argentino"]
[Black "Generalas"]
[Result "1-0"]
[WhiteElo "2349"]
[BlackElo "2212"]
[TimeControl "180+2"]
[EndTime "11:21:42 PST"]
[Termination "tango_argentino won by resignation"]

1. e4 e5 2. Nf3 Nc6 3. Bc4 Nf6 4. d3 Be7 5. c3 O-O 6. O-O d5 7. exd5 Nxd5 8. Re1 Bg4 9. h3 Bh5 10. Nbd2 Nb6 11. Bb5 f6 12. Bxc6 bxc6 13. Ne4 Qd7 14. Ng3 Bg6 15. d4 Rad8 16. Be3 Nd5 17. dxe5 Nxe3 18. Qxd7 Rxd7 19. Rxe3 Bc5 20. Re2 Rfd8 21. exf6 gxf6 22. Rae1 Kf7 23. Ne4 Bb6 24. Nh4 Rd1 25. Nxg6 hxg6 26. g3 Rxe1+ 27. Rxe1 Rd3 28. Kg2 f5 29. Ng5+ Kf6 30. h4 Rd2 31. Re6+ Kg7 32. Nh3 Rxb2 33. Rxc6 Rxa2 34. Nf4 Rxf2+ 35. Kh3 Rf3 36.
Rxg6+ Kf7 37. h5 Rxc3 38. h6 Rc1 39. Kg2 Rc2+ 40. Kh3 Rc1 41. Rg7+ Kf6 42. Nh5+ Ke6 43. Kh4 Be3 44. Rg6+ Kf7 45. Rf6+ Ke7 46. Rxf5 Bxh6 47. Ra5 Rc4+ 48. g4 Kd6 49. Rxa7 Rc5 50. Ng3 Bg5+ 51. Kh5 Bf4+ 52. Nf5+ Ke5 53. Ra2 Rc6 54. Re2+ Kd5 55.
Ne7+ Kd6 56. Nxc6 Kxc6 57. g5 Kd5 58. g6 Be5 59. Rxe5+ Kxe5 60. g7 1-0

[Event "*** Titled Tuesday 3|2 Blitz (Early)"]
[Site "Chess.com"]
[Date "2016.12.06"]
[Round "2"]
[White "RodinMihail"]
[Black "Quiet_Desperation"]
[Result "1/2-1/2"]
[WhiteElo "2414"]
[BlackElo "2302"]
[TimeControl "180+2"]
[EndTime "11:21:43 PST"]
[Termination "Game drawn by repetition"]

1. e4 Nc6 2. Nf3 d6 3. Nc3 Nf6 4. d4 d5 5. exd5 Nxd5 6. Bc4 Nb6 7. Bb3 Na5 8. O-O Nxb3 9. axb3 Bg4 10. d5 g6 11. h3 Bf5 12. Nd4 Bd7 13. Bf4 a6 14. Re1 Nc8 15. Be5 Rg8 16. Ne4 Bg7 17. Bxg7 Rxg7 18. Qd2 Kf8 19. Qh6 Kg8 20. Rad1 Nd6 21. Ng3 Nb5 22. Nf3 Nd6 23. Nd4 Nb5 24. Ne6 fxe6 25.
dxe6 Nd6 26. exd7 Qxd7 27. c4 Qc6 28. Rd5 Rf8 29. Rde5 b5 30. Rxe7 Rff7 31. Rxf7 Rxf7 32. Qh4 bxc4 33. bxc4 Qxc4 34. Qxc4 Nxc4 35. Re2 Rd7 36. Ne4 Rd4 37. b3 Nd6 38. Nc5 a5 39. Re7 Nb5 40.
Ne6 Re4 41. f3 Re1+ 42. Kf2 Rb1 43. Ng5 Rxb3 44. Nxh7 a4 45. Rd7 a3 46. Nf6+ Kf8 47. Nh7+ Ke8 48. Nf6+ Kf8 49. Nh7+ Ke8 50. Nf6+ Kf8 51.
Nh7+ Ke8 52. Nf6+ 1/2-1/2

[Event "*** Titled Tuesday 3|2 Blitz (Early)"]
[Site "Chess.com"]
[Date "2016.12.06"]
[Round "2"]
[White "Apocalyps999"]
[Black "plouarzel"]
[Result "1-0"]
[WhiteElo "2449"]
[BlackElo "2247"]
[TimeControl "180+2"]
[EndTime "11:21:51 PST"]
[Termination "Apocalyps999 won by checkmate"]

1. c4 e5 2. Nc3 Bb4 3. Nd5 Be7 4.
d4 exd4 5. Qxd4 Nf6 6. Nxe7 Qxe7 7. Nf3 Nc6 8. Qd1 O-O 9. e3 Rd8 10. a3 d5 11. Qc2 d4 12. Be2 Bg4 13. O-O Bxf3 14.
gxf3 Ne5 15. exd4 Rxd4 16. Be3 Rd7 17. Qf5 g6 18. Qh3 Qe6 19. Qxe6 fxe6 20. Rfd1 Rad8 21. Bg5 Kf7 22. b3 Nc6 23. Be3 Nd4 24. Kf1 Nxb3 25. Rab1 Rxd1+ 26. Bxd1 Na5 27. Ke2 b6 28. c5 Nc4 29. Bf4 e5 30. Bb3 exf4 31. Bxc4+ Ke7 32. Bd3 Rd4 33. Rc1 Nd5 34. Be4 Kd7 35. h4 Nf6 36. Bd3 c6 37. Rb1 Kc7 38. Rc1 Ra4 39. cxb6+ axb6 40. Bb5 Rxa3 41. Rxc6+ Kb7 42. Rxf6 Rb3 43. Rf7+ Kc8 44.
Bc6 b5 45. Rxh7 b4 46. Be4 Rc3 47. Rg7 b3 48. Rxg6 Kc7 49. h5 b2 50. h6 Rc4 51.
Rg7+ Kd6 52. Rb7 Kc5 53. Rxb2 Ra4 54. h7 Kc4 55. Bd3+ Kc3 56. h8=Q+ Rd4 57. Rc2+ Kb3 58.
Qxd4 Ka3 59. Ra2+ Kb3 60. Qc4# 1-0

[Event "*** Titled Tuesday 3|2 Blitz (Early)"]
[Site "Chess.com"]
[Date "2016.12.06"]
[Round "2"]
[White "Holden-Caulfield"]
[Black "E-Shaposhnikov"]
[Result "0-1"]
[WhiteElo "2476"]
[BlackElo "2712"]
[TimeControl "180+2"]
[EndTime "11:21:57 PST"]
[Termination "E-Shaposhnikov won by checkmate"]

1. d4 Nf6 2. Nf3 e6 3. Bg5 h6 4. Bh4 c5 5. c3 b6 6. e3 Bb7 7.
Nbd2 Be7 8. Be2 O-O 9. O-O d6 10. a4 a6 11. h3 Nbd7 12. Bg3 Qc7 13. Bh2 Rfe8 14. Nc4 Ne4 15. Rc1 Qc6 16. Ne1 Ng5 17. f3 Red8 18. Nd3 Nh7 19. b4 Bg5 20. bxc5 dxc5 21.
Kf2 Bh4+ 22. Kg1 Bg5 23. Kf2 Nhf6 24. Nce5 Nxe5 25. Nxe5 Qe8 26. Qb3 Nd5 27. f4 Bh4+ 28. g3 Be7 29. Bf3 Rab8 30. Rfd1 f6 31. Nc4 Bc6 32. e4 Bxa4 33. Qa2 Bxd1 34. Bxd1 Nc7 35. Ne3 b5 36. f5 Qd7 37. Bb3 c4 38. Bc2 Qc6 39.
fxe6 Qxe6 40. Nf5 Kh8 41. g4 Rb7 42. Rf1 b4 43. cxb4 Bxb4 44. d5 Nxd5 45. exd5 Rxd5 46. Bf4 Ra5 47. Ba4 Bc5+ 48. Kg2 Rxa4 49. Qxa4 Qe2+ 50. Kg3 Qxf1 51. Qe8+ Kh7 52. Qe4 Qf2# 0-1

[Event "*** Titled Tuesday 3|2 Blitz (Early)"]
[Site "Chess.com"]
[Date "2016.12.06"]
[Round "2"]
[White "Tesla37"]
[Black "viktorskliarov"]
[Result "1-0"]
[WhiteElo "2602"]
[BlackElo "2433"]
[TimeControl "180+2"]
[EndTime "11:21:59 PST"]
[Termination "Tesla37 won by resignation"]

1. e4 c5 2. Nf3 Nc6 3. Nc3 Nf6 4. Bb5 Nd4 5. e5 Nxb5 6. Nxb5 Nd5 7. Ng5 f6 8. exf6 Nxf6 9. O-O Qb6 10. Nc3 e6 11. a4 Be7 12. a5 Qc6 13. d4 O-O 14. Be3 b5 15. dxc5 b4 16. Na4 Bb7 17. Nf3 Ng4 18. h3 Nxe3 19. fxe3 Bxc5 20. Nxc5 Qxc5 21. Nd4 Rxf1+ 22.
Qxf1 Rf8 23. Qe2 e5 24. Nb3 Qc6 25. a6 Ba8 26. Rd1 d5 27. Rd2 Rf6 28. Qg4 Qxa6 29.
Qxb4 Qf1+ 30. Kh2 d4 31. Qb8+ Rf8 32. Qxe5 dxe3 33. Qxe3 h6 34. Nd4 Kh8 35. Qg3 Qf6 36. c3 a5 37. Re2 a4 38. Qe5 Qg6 39. Ne6 Rc8 40. Nf4 Qf7 41. Nh5 Kh7 42. Rf2 Qg6 43. Nf4 Qf7 44. Ne6 Qg6 45. h4 Re8 46. Re2 Qg4 47. Ng5+ hxg5 48. Qxe8 gxh4 49. Qe5 Bc6 50. Rf2 Qe4 51. Qxe4+ Bxe4 52. Rf4 Bc2 53. Rxh4+ 1-0

[Event "*** Titled Tuesday 3|2 Blitz (Early)"]
[Site "Chess.com"]
[Date "2016.12.06"]
[Round "2"]
[White "HZMC92"]
[Black "Firebullet"]
[Result "0-1"]
[WhiteElo "2301"]
[BlackElo "2323"]
[TimeControl "180+2"]
[EndTime "11:22:00 PST"]
[Termination "Firebullet won on time"]

1. d4 Nf6 2. c4 Nc6 3. d5 Ne5 4.
Qc2 d6 5. Nf3 Nxf3+ 6. exf3 g6 7. Bd3 Bg7 8. O-O O-O 9. Nc3 c6 10. Re1 Bd7 11. Bg5 Rc8 12. Qd2 Re8 13. Rad1 cxd5 14. cxd5 a6 15. f4 b5 16. a3 Qb6 17.
f5 gxf5 18. Qf4 e5 19. Qh4 Ne4 20. Nxe4 fxe4 21. Bxe4 f5 22. Bb1 Rf8 23. g4 Rf7 24. Be3 Qd8 25. g5 h6 26. Qh5 f4 27. Bh7+ Kxh7 28.
g6+ Kh8 29. gxf7 fxe3 30. Rxe3 Qg5+ 31. Qxg5 hxg5 32. Rdd3 Bf6 33. Rc3 Rf8 34. Rc7 Rxf7 35. Ra7 e4 36. b3 Bd4 37. Ra8+ Kg7 38. Rxe4 Bxf2+ 39. Kg2 Bh4 40. Rxa6 Bf5 41. Re3 Bg4 42. Rxd6 Rf2+ 43. Kg1 Ra2 44. Re7+ Kf8 45. Rc7 Bf2+ 46.
Kg2 Bc5+ 47. Kf1 Bxd6 0-1